 Dungeon Crawl Stone Soup version 0.27.1-33-g824d729ab1 (webtiles) character file.

Game seed: 12008992308703263646

12733 zeram the Covert (level 11, -11/47 HPs)
             Began as a Spriggan Enchanter on Dec 24, 2021.
             Was a Priest of Dithmenos.
             Shot with an arrow by a centaur warrior (20 damage)
             ... on level 10 of the Dungeon.
             The game lasted 00:36:38 (13910 turns).

zeram the Covert (Spriggan Enchanter)              Turns: 13910, Time: 00:36:39

Health: -11/47     AC: 10    Str:  4    XL:     11   Next: 66%
Magic:  25/27      EV: 24    Int: 20    God:    Dithmenos [***...]
Gold:   483        SH: 11    Dex: 22    Spells: 20/33 levels left

rFire    + . .     SeeInvis +   a - +3 dagger (freeze)
rCold    . . .     Faith    .   p - +2 buckler
rNeg     . . .     Spirit   .   b - +1 robe
rPois    .         Reflect  .   (helmet restricted)
rElec    .         Harm     .   l - +2 cloak "Rioq" {rCorr Dex+6}
rCorr    +         Rampage  .   (gloves unavailable)
Will     +....                  (boots unavailable)
Stlth    +++++++++.             k - amulet of magic regeneration
HPRegen  0.15/turn              g - ring of protection from fire
MPRegen  0.45/turn              G - +4 ring of protection

@: wreathed by umbra, studying Slings, very quick
A: very small, no large weapons, unfitting armour, see invisible, speed 3
a: Renounce Religion, Shadow Step


You were on level 10 of the Dungeon.
You worshipped Dithmenos.
Dithmenos was most pleased with you.
You visited 2 branches of the dungeon, and saw 11 of its levels.

You collected 777 gold pieces.
You spent 294 gold pieces at shops.

Inventory:

Hand Weapons
 a - a +3 dagger of freezing (weapon)
Missiles
 v - 2 throwing nets
Armour
 b - a +1 robe (worn)
 l - the +2 cloak "Rioq" (worn) {rCorr Dex+6}
   (You acquired it on level 4 of the Dungeon)

   Dex:       It affects your dexterity (+6).
   rCorr:     It protects you from acid and corrosion.
 p - a +2 buckler (worn)
Jewellery
 c - an amulet of faith
 d - an amulet of guardian spirit
 g - a ring of protection from fire (left hand)
 j - a ring of protection from cold
 k - an amulet of magic regeneration (around neck)
 w - a ring of protection from fire
 B - a ring of magical power
 G - a +4 ring of protection (right hand)
Wands
 n - a wand of acid (9)
 r - a wand of mindburst (15)
 s - a wand of polymorph (19)
 x - a wand of digging (5)
 y - a wand of iceblast (11)
 z - a wand of flame (11)
 E - a wand of paralysis (11)
Scrolls
 i - a scroll of teleportation
 m - 3 scrolls of fog
 C - a scroll of identify
 F - a scroll of magic mapping
Potions
 e - 3 potions of heal wounds
 f - 3 potions of haste
 h - a potion of magic
 o - 4 potions of curing
 q - a potion of resistance
 t - 2 potions of berserk rage
 u - 2 potions of mutation
 A - 2 potions of lignification
 H - a potion of brilliance {unknown}


   Skills:
 + Level 3.7 Short Blades
 + Level 7.8 Dodging
 + Level 14.4 Stealth
 - Level 8.2 Shields
 + Level 11.6 Spellcasting
 - Level 6.4 Hexes
 - Level 0.2 Ice Magic


You had 20 spell levels left.
You knew the following spells:

 Your Spells              Type           Power      Damage    Failure   Level
a - Blink                 Tloc           N/A        N/A       9%          2
b - Ensorcelled Hibernat  Hex/Ice        50%        N/A       2%          2
c - Tukima's Dance        Hex            37%        N/A       1%          3
d - Dazzling Flash        Conj/Hex       48%        N/A       4%          3
e - Call Canine Familiar  Summ           11%        N/A       19%         3

Your spell library contained the following spells:

 Spells                   Type           Power      Damage    Failure   Level
 Corona                   Hex            41%        N/A       1%          1
 Confusing Touch          Hex            37%        N/A       1%          3
 Summon Guardian Golem    Hex/Summ       24%        N/A       4%          3
 Summon Small Mammal      Summ           44%        N/A       6%          1
 Ignite Poison            Fire/Tmut/Pois 11%        N/A       19%         3
 Lesser Beckoning         Tloc           5%         N/A       19%         3
 Mephitic Cloud           Conj/Pois/Air  11%        N/A       19%         3
 Stone Arrow              Conj/Erth      22%        3d8       19%         3
 Bolt of Magma            Conj/Fire/Erth 5%         4d5       86%         5
 Manifold Assault         Tloc           11%        N/A       86%         5
 Shatter                  Erth           5%         3d8*      100%        9


Dungeon Overview and Level Annotations

Branches:
Dungeon (10/15)            Temple (1/1) D:5            Lair (0/6) D:8
    Orc: D:9-12

Altars:
Ashenzari
Cheibriados
Dithmenos
Elyvilon
Fedhas
Gozag
Hepliaklqana
Kikubaaqudgha
Makhleb
Nemelex Xobeh
Okawaru
Ru
Sif Muna
Trog
Uskayaw
Vehumet
Wu Jian
Xom
Yredelemnul
The Shining One
Beogh

Shops:
D:2 :   D:9 =[=!(

Annotations:
D:10 1 transporter


Innate Abilities, Weirdness & Mutations

You are very small and have problems with some larger weapons.
You are too small for most types of armour.
You have supernaturally acute eyesight. (SInv)
You cover ground extremely quickly. (Speed+++)


Message History

You hit the centaur warrior. You freeze the centaur warrior.
The centaur warrior is moderately wounded.
The centaur warrior hits you! The centaur warrior misses you.
Casting: Ensorcelled Hibernation (safe; 2% risk of failure)
Confirm with . or Enter, or press ? or * to list all spells.
Aiming: Ensorcelled Hibernation (safe; 2% risk of failure)
Press: ? - help, Shift-Dir - straight line, f - you, p - centaur warrior That would be overly suicidal.
Okay, then.
Casting: Ensorcelled Hibernation (safe; 2% risk of failure)
Confirm with . or Enter, or press ? or * to list all spells.
You blink.
The centaur warrior wields a +0 shortbow.
The centaur warrior shoots an arrow.
You block the arrow.
The centaur warrior shoots an arrow.
You block the arrow.
The centaur warrior unwields a +0 shortbow.
You block the centaur warrior's attack.
The centaur warrior kicks you but does no damage.
You completely miss the centaur warrior.
The centaur warrior is lightly wounded.
The centaur warrior completely misses you.
You block the centaur warrior's attack.
You hit the centaur warrior but do no damage.
The centaur warrior is lightly wounded.
The centaur warrior hits you but does no damage.
The centaur warrior completely misses you.
You hit the centaur warrior but do no damage.
The centaur warrior is lightly wounded.
The centaur warrior hits you.
The centaur warrior kicks you but does no damage.
You block the centaur warrior's attack. The centaur warrior misses you.
You hit the centaur warrior but do no damage.
The centaur warrior is lightly wounded.
You block the centaur warrior's attack. x2
You block the centaur warrior's attack. The centaur warrior kicks you.
The centaur warrior wields a +0 shortbow.
The centaur warrior shoots an arrow.
The arrow hits you!
* * * LOW HITPOINT WARNING * * *
The centaur warrior shoots an arrow.
The arrow hits you!!
You die...

###### .....#
############## .....#
#....#............. .....#
#....+............. .....#
#....#..c.......... .....#
#....#............. .....#
#....#.............
.....####....###..########.
.#####..###....#@.##
....#.....#....'...+
....'.....#....#...#
######'####....#####
...###..#####....#
...'........#....#
...#........#....#
...#........#..).#
...#........#....#


You could see a centaur warrior.

Vanquished Creatures
  A boulder beetle (D:7)
  A hydra (D:7)
  2 centaur warriors (D:8)
  Pikel (D:4)
  An ugly thing (D:7)
  3 cyclopes (D:8)
  A manticore (D:8)
  A komodo dragon (shapeshifter) (D:10)
  A komodo dragon (D:7)
  A troll (D:10)
  A slime creature (D:8)
  A wyvern (D:9)
  6 yaks (D:8)
  A wraith (D:8)
  Grum (D:8)
  5 water moccasins
  6 orc warriors
  4 sky beasts
  2 black bears
  3 ogres
  3 wolves (D:8)
  A lemure (D:4)
  7 centaurs
  A phantom (D:4)
  Blork the orc (D:5)
  4 bullfrogs
  3 gnoll sergeants (D:8)
  3 scorpions
  A wyvern zombie (D:8)
  A wyvern skeleton (D:7)
  A water moccasin skeleton (D:4)
  5 killer bees (D:10)
  2 wights (D:8)
  2 howler monkeys
  2 centaur zombies
  A bullfrog zombie (D:7)
  3 hounds
  2 jellies
  A gnoll shaman (D:7)
  4 orc priests
  Crazy Yiuf (D:4)
  Natasha (thrice) (D:3)
  A centaur skeleton (D:7)
  Ijyb (D:5)
  2 iguanas
  11 orc wizards
  5 killer bee zombies
  2 hound zombies (D:5)
  A howler monkey zombie (D:9)
  19 gnolls
  A howler monkey skeleton (D:4)
  12 adders
  2 white imps (D:8)
  2 ufetubi
  A worm (D:2)
  A dart slug (D:4)
  42 orcs
  7 bats
  5 endoplasms
  2 giant cockroaches (D:2)
  8 goblins
  6 hobgoblins
  11 jackals
  3 quokkas
  5 ball pythons
  6 frilled lizards
  11 kobolds
  6 rats
268 creatures vanquished.

Vanquished Creatures (collateral kills)
  3 wights (D:8)
3 creatures vanquished.

Vanquished Creatures (others)
  An unseen horror (D:8)
  8 plants (D:8)
9 creatures vanquished.

Grand Total: 280 creatures vanquished

Notes
Turn   | Place    | Note
-------+----------+-------------------------------------------
     0 | D:1      | zeram the Spriggan Enchanter began the quest for the Orb.
     0 | D:1      | Reached XP level 1. HP: 9/9 MP: 5/5
   176 | D:1      | Reached skill level 5 in Stealth
   338 | D:1      | Reached XP level 2. HP: 12/13 MP: 6/6
  1692 | D:2      | Reached XP level 3. HP: 15/16 MP: 8/8
  1717 | D:2      | Learned a level 2 spell: Ensorcelled Hibernation
  2020 | D:2      | Reached skill level 6 in Stealth
  2020 | D:2      | Reached XP level 4. HP: 21/21 MP: 9/9
  2405 | D:2      | Found Zyiteun's Book Shop.
  2712 | D:2      | Learned a level 3 spell: Tukima's Dance
  3220 | D:3      | Noticed Natasha
  3248 | D:3      | HP: 1/21 [Natasha (9)]
  3250 | D:3      | Killed Natasha
  3251 | D:3      | Reached skill level 7 in Stealth
  3251 | D:3      | Reached XP level 5. HP: 2/24 MP: 4/11
  3677 | D:3      | Noticed Natasha
  3694 | D:3      | Killed Natasha
  3725 | D:3      | Noticed Natasha
  4002 | D:3      | Killed Natasha
  4057 | D:4      | Reached XP level 6. HP: 28/28 MP: 13/13
  4091 | D:4      | Reached skill level 8 in Stealth
  4396 | D:4      | Reached skill level 5 in Spellcasting
  4446 | D:4      | Reached skill level 5 in Dodging
  4446 | D:4      | Reached skill level 9 in Stealth
  4470 | D:4      | Reached XP level 7. HP: 8/32 MP: 4/15
  4928 | D:4      | Noticed Pikel
  4942 | D:4      | Killed Pikel
  4943 | D:4      | Reached skill level 11 in Stealth
  4943 | D:4      | Reached XP level 8. HP: 36/36 MP: 12/19
  5052 | D:4      | Identified a scroll of acquirement
  5052 | D:4      | Acquired the +2 cloak "Rioq" {rCorr Dex+6}
  5267 | D:4      | Identified the +0 mace of Sin {freeze, rN+ Str+5}
  5268 | D:4      | Found a runed translucent door.
  5268 | D:4      | Identified the +6 mace "Veufogh" {spect, +Rage Int+4}
  5269 | D:4      | Noticed Crazy Yiuf
  5434 | D:4      | Killed Crazy Yiuf
  5643 | D:5      | Entered Level 5 of the Dungeon
  5667 | D:5      | Noticed Ijyb
  5708 | D:4      | Learned a level 3 spell: Dazzling Flash
  6162 | D:5      | Reached skill level 12 in Stealth
  6215 | D:5      | Found a staircase to the Ecumenical Temple.
  6272 | Temple   | Entered the Ecumenical Temple
  6397 | Temple   | Became a worshipper of Dithmenos the Shadowed
  6429 | D:5      | Reached skill level 5 in Hexes
  6442 | D:5      | Found a snail-covered altar of Cheibriados.
  6442 | D:5      | Noticed Blork the orc
  6450 | D:5      | Killed Blork the orc
  6571 | D:5      | Reached skill level 13 in Stealth
  6597 | D:5      | Reached XP level 9. HP: 39/39 MP: 20/20
  6674 | D:5      | Killed Ijyb
  6705 | D:5      | Found a sparkling altar of Nemelex Xobeh.
  6828 | D:5      | Found a glowing golden altar of the Shining One.
  6875 | D:6      | Found an ancient bone altar of Kikubaaqudgha.
  6935 | D:6      | Reached skill level 1 in Shields
  6991 | D:6      | Reached * piety under Dithmenos
  7450 | D:6      | Learned a level 3 spell: Call Canine Familiar
  7456 | D:6      | You fall into a shaft and drop 2 floors!
  7492 | D:8      | Found a sacrificial altar of Ru.
  7694 | D:8      | Found a hazy altar of Hepliaklqana.
  7723 | D:8      | Noticed Grum
  7730 | D:8      | Killed Grum
  7843 | D:8      | Noticed a cyclops
  7844 | D:8      | Noticed a manticore
  7883 | D:8      | Killed a cyclops
  7885 | D:8      | Killed a manticore
  7886 | D:8      | Reached XP level 10. HP: 39/44 MP: 10/24
  8217 | D:8      | Reached skill level 10 in Spellcasting
  8271 | D:8      | Reached ** piety under Dithmenos
  8364 | D:8      | Found a shimmering altar of Xom.
  8403 | D:8      | Found a staircase to the Lair.
  8681 | D:8      | Reached skill level 5 in Shields
  8887 | D:8      | Noticed a centaur warrior
  8890 | D:8      | Noticed a cyclops
  8913 | D:8      | Killed a centaur warrior
  8934 | D:8      | Killed a cyclops
  9254 | D:8      | Noticed a cyclops
  9278 | D:8      | Killed a cyclops
  9279 | D:8      | Reached XP level 11. HP: 47/47 MP: 11/26
  9298 | D:8      | Noticed a centaur warrior
  9314 | D:8      | Killed a centaur warrior
  9841 | D:7      | Found a radiant altar of Vehumet.
 10168 | D:7      | Reached *** piety under Dithmenos
 10256 | D:7      | Learned a level 2 spell: Blink
 10283 | D:7      | Found an iron altar of Okawaru.
 10466 | D:7      | Noticed a seven-headed hydra
 10468 | D:7      | Noticed a boulder beetle
 10469 | D:7      | Noticed a boulder beetle
 10472 | D:7      | Noticed a two-headed ogre
 11853 | D:7      | Killed a seven-headed hydra
 12101 | D:7      | Noticed a red ugly thing
 12101 | D:7      | Noticed a boulder beetle
 12127 | D:7      | Killed a red ugly thing
 12216 | D:7      | Killed a boulder beetle
 12644 | D:9      | Found Gyreamy's Armour Shop.
 12646 | D:9      | Found Yryrorut's Distillery.
 12649 | D:9      | Found Qean's Antique Weapon Shop.
 12651 | D:9      | Found Lari's Jewellery Shop.
 12684 | D:9      | Bought a potion of curing for 42 gold pieces
 12684 | D:9      | Bought a potion of berserk rage for 70 gold pieces
 12684 | D:9      | Bought a potion of heal wounds for 70 gold pieces
 12684 | D:9      | Bought a potion of heal wounds for 70 gold pieces
 12684 | D:9      | Bought a potion of curing for 42 gold pieces
 12773 | D:9      | Found an ornate altar of the Wu Jian Council.
 12809 | D:9      | Found Yfufacou's Jewellery Shoppe.
 13072 | D:9      | Reached skill level 14 in Stealth
 13615 | D:10     | Entered Level 10 of the Dungeon
 13689 | D:10     | Found a hide-covered altar of Uskayaw.
 13714 | D:10     | Found a transporter.
 13887 | D:10     | Noticed a swamp dragon
 13888 | D:10     | Noticed a centaur warrior
 13891 | D:10     | a swamp dragon changed into a komodo dragon
 13910 | D:10     | Shot with an arrow by a centaur warrior

Illustrated notes

Levels and vault maps discovered:
D:1:      dpeg_arrival_short_road, layout_rooms, grunt_decor_arrowhead,
          roderic_cross_of_infinity
D:2:      minmay_general_purpose_star, layout_rooms, serial_shops,
          nicolae_shop_crystal
D:3:      layout_rooms, uniq_natasha
D:4:      layout_loops_cross, serial_glass, glass_columns_c, glass_columns_a,
          glass_columns_c, glass_columns_a, glass_columns_c, glass_columns_a,
          glass_columns_c, glass_columns_a, glass_columns_b, glass_columns_c,
          uniq_pikel, uniq_crazy_yiuf_cottage
D:5:      layout_basic, tso_altar, cheibriados_altar_1,
          mainiacjoe_overflow_surrounded_room, uniq_blork_the_orc, uniq_ijyb
D:6:      kennysheep_big_flooded_room, layout_basic, marbit_many_paths
D:7:      minmay_blocky_corners, layout_loops_ring, kennysheep_okawaru_gauntlet,
          vehumet_altar_wand_db
D:8:      nzn_winding_woodlands_large [nzn_winding_woodlands_hourglass,
          nzn_winding_woodlands_5x15_jagged, nzn_winding_woodlands_5x5_three,
          nzn_winding_woodlands_center_triple_pond,
          nzn_winding_woodlands_15x15_boxy_spiral,
          nzn_winding_woodlands_center_garden, nzn_winding_woodlands_5x5_cross,
          nzn_winding_woodlands_5x15_concentric,
          nzn_winding_woodlands_5x5_open_star], layout_cave_pools,
          kennysheep_mini, nicolae_ru_great_annihilating_truth,
          mainiacjoe_overflow_paths, dpeg_oklobed_lair, minmay_manual_mares,
          uniq_grum
D:9:      layout_roguey [special_room_orc], nzn_wu_jian_council_hall,
          serial_shops, nicolae_square_shop, minmay_shop_grid_forest,
          chequers_jeans, minmay_misc_feat_tower
D:10:     gammafunk_cloud_chamber, layout_gridville,
          mainiacjoe_overflow_tiny_flanked, zin_statuary, lemuel_doored_altar,
          david_orc_3
Temple:   nicolae_temple_figure_zero

Skill      XL: |  1  2  3  4  5  6  7  8  9 10 11 |
---------------+----------------------------------+-----
Stealth        | 5 6 7 9 11 13 14 | 14.4
Dodging        | 3 4 5 6 7 |  7.8
Spellcasting   | 3 4 5 6 7 9 10 11 | 11.6
Hexes          | 4 5 6 |  6.4
Shields        | 4 7 8 |  8.2
Short Blades   | 3 |  3.7
Ice Magic      | |  0.2

Action                   |  1- 3 |  4- 6 |  7- 9 | 10-12 || total
-------------------------+-------+-------+-------+-------++-------
Melee: Dagger            |   121 |   119 |   243 |   418 ||   901
 Cast: Ensorcelled Hiber |     5 |    54 |    81 |   168 ||   308
       Corona            |       |     2 |     6 |     1 ||     9
       Tukima's Dance    |       |       |     3 |       ||     3
       Dazzling Flash    |       |       |       |     4 ||     4
       Blink             |       |       |       |     3 ||     3
  Use: Scroll            |     4 |     3 |     6 |     8 ||    21
       Potion            |       |     1 |       |     2 ||     3
 Stab: Sleeping          |    10 |    37 |    59 |    83 ||   189
       Distracted        |       |     1 |       |     4 ||     5
       Invisible         |       |       |       |     1 ||     1
Armor: Robe              |    11 |    26 |    28 |    42 ||   107
Dodge: Dodged            |   102 |   120 |   230 |   383 ||   835
Block: Buckler           |       |       |    43 |   205 ||   248
